Cogmind - Beta 13 X2 @@@ ROGUE MODE // 2023.12.23 @ 13:33:26 Player: f3-rnm Result: Destroyed by 3W-3EY(R) with Subdweller Laser Performance ------------- Evolutions (0) 0 Regions Visited (2) 400 Robots Destroyed (44) 220 Value Destroyed (1110) 1110 Prototype IDs (1) 20 Alien Tech Used (0) 0 Bonus (0) 0 TOTAL SCORE: 1750 Bonus ------- None Cogmind --------- Core Integrity 0/250 Matter 112/300 Energy 100/100 System Corruption 3% Temperature Cool (6) Movement Core (100) Ox1 Location -10/Subcaves Parts ------- > --- POWER (1) -------- (None) > --- PROPULSION (2) --- Subdweller Monowheel > --- UTILITY (2) ------ (None) > --- WEAPON (2) ------- Battle Cannon Grenade Launcher > --- INVENTORY (5) ---- Shotgun Mining Claw Peak State ------------ > --- POWER ------------ Heavy Ion Engine > --- PROPULSION ------- Light Treads Light Treads > --- UTILITY ---------- Large Storage Unit Huge Storage Unit > --- WEAPON ----------- Shotgun Shotgun > --- INVENTORY -------- Light Ion Engine Heavy Ion Engine Heavy Ion Engine Light Treads Wheel Small Storage Unit Medium Storage Unit Large Matter Pod Light EM Pulse Cannon Light EM Pulse Cannon Shotgun Grenade Launcher Mining Claw [Rating: 13] Favorites ----------- Power Heavy Ion Engine Engine Heavy Ion Engine Propulsion Light Treads Treads Light Treads Wheel Subdweller Monowheel Utility Huge Storage Unit Storage Huge Storage Unit Protection Light Armor Plating Weapon Shotgun Energy Cannon Light EM Pulse Cannon Ballistic Gun Shotgun Ballistic Cannon Battle Cannon Launcher Grenade Launcher Slashing Weapon Mining Claw Build | -11 -10 -10 ------- Run | Yrd Mat Sub Slots Evolved . | . . . Power . | . . . Propulsion . | . . . Utility . | . . . Weapon . | . . . Parts Attached 36 | 6 11 19 Power 2 | 1 1 . Engine 2 | 1 1 . Core . | . . . Reactor . | . . . Propulsion 5 | 2 1 2 Treads 4 | 2 1 1 Leg . | . . . Wheel 1 | . . 1 Hover . | . . . Flight . | . . . Utility 5 | 1 2 2 Device . | . . . Storage 4 | 1 2 1 Processor . | . . . Hackware . | . . . Protection 1 | . . 1 Artifact . | . . . Weapon 24 | 2 7 15 Energy Gun . | . . . Energy Cannon 5 | . 3 2 Ballistic Gun 11 | 2 4 5 Ballistic Cannon 2 | . . 2 Launcher 2 | . . 2 Special Weapon . | . . . Impact Weapon . | . . . Slashing Weapon 4 | . . 4 Piercing Weapon . | . . . Special Melee Weapon . | . . . Unidentified Prototypes 1 | . 1 . Corrupted Parts 1 | . . 1 System Corruption 1 | . . 1 Parts Lost 8 | . 1 7 Power 1 | . . 1 Propulsion 4 | . 1 3 Utility 1 | . . 1 Weapon 2 | . . 2 Highest Loss Streak 3 | . 1 3 To Critical Strikes 1 | . . 1 Average Slot Usage (%) 72 | . 84 62 Engine 13 | . 14 13 Treads 22 | . 27 17 Storage 6 | . 14 . Protection 1 | . . 3 Energy Cannon 7 | . 1 12 Ballistic Gun 17 | . 26 9 Ballistic Cannon 1 | . . 3 Naked Turns . | . . . Heaviest Build 220 | 13 94 220 Greatest Support 40 | 40 40 40 Greatest Overweight (x) 10 | . 2 10 Average Overweight (x) . | . 1 . Largest Inventory Capacity 35 | 8 25 35 Average Capacity 12 | 6 20 5 Most Carried 15 | 4 15 15 Average Carried 7 | 1 11 4 Final Capacity 15 | 8 15 5 Final Carried 15 | 2 15 2 Class Distribution -------------------- 100% | Mutant Dominant Class ---------------- Mutant | -10/Materials Mutant | -10/Subcaves Resources | -11 -10 -10 ----------- Run | Yrd Mat Sub Matter Collected 1121 | 143 375 603 Remotely . | . . . Salvage Created 1390 | . 775 615 Parts 91 | . 43 48 Haulers Intercepted 1 | . 1 . Recyclers Shooed 1 | . 1 . Parts Field Recycled . | . . . Retrieved Matter . | . . . Parts Self-Destructed 14 | . . 14 Prevented . | . . . Kills | -11 -10 -10 ------- Run | Yrd Mat Sub Combat Hostiles Destroyed 38 | . 19 19 Guns 20 | . 12 8 Cannons 9 | . 5 4 AOE 5 | . 1 4 Classes Destroyed 8 | . 7 1 Worker 1 | . 1 . Builder 2 | . 2 . Hauler 1 | . 1 . Recycler 1 | . 1 . Watcher 1 | . 1 . Swarmer 13 | . 6 7 Grunt 13 | . 13 . Subdweller 12 | . . 12 Best Kill Streak 5 | . 5 5 Combat Bots Only 5 | . 4 5 Max Kills in Single Turn 3 | . 2 3 Gunslinging . | . . . Exploded 3 | . 1 3 Melee . | . . . Uniques/NPCs Destroyed . | . . . Combat | -11 -10 -10 -------- Run | Yrd Mat Sub Hostile Shots Fired 142 | . 64 78 Missed 38 | . 15 23 Damage Taken 1590 | . 537 1053 Core 259 | . 39 220 Absorbed by Shields . | . . . Core Remaining (%) 100 | 100 . . Volleys Fired 153 | . 66 87 Largest 2 | . 2 2 Hottest 112 | . 112 95 Shots Fired 220 | . 101 119 Gun 130 | . 74 56 Cannon 83 | . 27 56 Launcher 7 | . . 7 Special . | . . . Kinetic 154 | . 74 80 Thermal 3 | . . 3 Explosive 7 | . . 7 Electromagnetic 56 | . 27 29 Robot Hit Streak 31 | . 12 31 Robot Miss Streak 8 | . 8 2 Penetration Max . | . . . Secondary Targets 1 | . . 1 Max Gunslinging Chain 1 | . . 1 Shots Hit Robots 150 | . 70 80 Core Hits 68 | . 36 32 Critical Kills . | . . . Critical Parts Destroyed . | . . . Critical Strikes 1 | . . 1 Corrupt 1 | . . 1 Melee Attacks 4 | . . 4 Impact . | . . . Slashing 4 | . . 4 Piercing . | . . . Sneak Attacks . | . . . Combat Hostiles . | . . . Follow-up Attacks . | . . . Damage Inflicted 2818 | . 1296 1522 Guns 1494 | . 840 654 Cannons 949 | . 346 603 Explosions 285 | . 110 175 Melee 90 | . . 90 Ramming . | . . . Kinetic 1566 | . 840 726 Thermal 38 | . 38 . Explosive 247 | . 72 175 Electromagnetic 877 | . 346 531 Impact . | . . . Slashing 90 | . . 90 Piercing . | . . . Highest Corruption 3 | . 2 3 Average Corruption 2 | . 2 2 Corruption Purged . | . . . Corruption Blocked . | . . . Effects 40 | . 10 30 Message Errors 10 | . 3 7 Matter Fused 10 | . 2 8 Heat Flow Errors 2 | . . 2 Energy Discharges 6 | . 3 3 Parts Rejected 1 | . 1 . Parts Fused 1 | . . 1 Data Loss (minor) 3 | . . 3 Data Loss (major) 4 | . . 4 Misfires 2 | . 1 1 Alerts 1 | . . 1 Overload Shots . | . . . Overflow Damage 24 | . 14 10 Projectiles 14 | . 14 . Explosions 10 | . . 10 Melee . | . . . Knockbacks . | . . . Impact . | . . . Kinetic . | . . . Secondary . | . . . Self-Inflicted Damage 36 | . 35 1 Shots 2 | . 1 1 Rammed . | . . . Targets Rammed . | . . . Kicked . | . . . Crushed . | . . . Highest Temperature 231 | . 189 231 Average Temperature 63 | . 59 79 Received Heat Transfer 390 | . 207 183 Siege Activations . | . . . Robots Corrupted 4 | . 1 3 Combat Hostiles 4 | . 1 3 Parts Fried 8 | . 3 5 Impact Corruptions . | . . . Robots Melted . | . . . Combat Hostiles . | . . . Parts Melted . | . . . Heat Transferred 50 | . 50 . Parts Sabotaged . | . . . Parts Stolen . | . . . Parts Stripped . | . . . Power Chain Reactions 1 | . 1 . Missiles Intercepted . | . . . Alert | -11 -10 -10 ------- Run | Yrd Mat Sub Peak Influence 277 | . 277 . Initial . | . . . Average 79 | . 82 . Maximum Alert Level 1 | . 1 . Low Security (%) 92 | 100 92 . Level 1 7 | . 7 . Level 2 . | . . . Level 3 . | . . . Level 4 . | . . . Level 5 . | . . . High Security . | . . . Max Security . | . . . Squads Dispatched 4 | . 4 . Investigation 1 | . 1 . Extermination . | . . . Reinforcement 3 | . 3 . Assault . | . . . Garrison . | . . . Intercept . | . . . Searches Triggered . | . . . Construction Impeded . | . . . Haulers Reinforced . | . . . Active Scanning Responses . | . . . Cargo Convoy Interrupts . | . . . Stealth | -11 -10 -10 --------- Run | Yrd Mat Sub Distress Signals 4 | . 4 . Communications Jammed . | . . . Distress Signals . | . . . Times Spotted 52 | . 31 21 Peak Tracking Total 6 | . 5 6 Tactical Retreats 1 | . . 1 Traps | -11 -10 -10 ------- Run | Yrd Mat Sub Traps Triggered 2 | . 1 1 Indirectly . | . . . Trap Hack Attempts . | . . . Triggered . | . . . Disarmed . | . . . Reprogrammed . | . . . Reused . | . . . Traps Extracted . | . . . Installed . | . . . Triggered . | . . . Machines | -11 -10 -10 ---------- Run | Yrd Mat Sub Machines Disabled 1 | . 1 . Max in Single Turn 1 | . 1 . Machines Repaired . | . . . Machines Dismantled . | . . . Machines Sabotaged . | . . . Overloaded Fab Kills . | . . . Hacking | -11 -10 -10 --------- Run | Yrd Mat Sub Machines Accessed 5 | . 4 1 Terminals 3 | . 3 . Fabricators . | . . . Repair Stations 1 | . 1 . Recycling Units . | . . . Scanalyzers . | . . . Garrison Access . | . . . Total Hacks 14 | . 11 3 Successful 6 | . 3 3 Failed 8 | . 8 . Catastrophic . | . . . Database Lockouts . | . . . Manual 4 | . 4 . Terminals 7 | . 7 . Fabricators . | . . . Repair Stations 4 | . 4 . Recycling Units . | . . . Scanalyzers . | . . . Garrison Access . | . . . Terminal Hacks 4 | . 1 3 Record 3 | . . 3 Hauler Manifests 1 | . 1 . Fabricator Hacks . | . . . Repair Station Hacks 2 | . 2 . Scan Component 2 | . 2 . Recycling Unit Hacks . | . . . Scanalyzer . | . . . Garrison Access Hacks . | . . . Unauthorized Hacks . | . . . Terminals . | . . . Fabricators . | . . . Repair Stations . | . . . Recycling Units . | . . . Scanalyzers . | . . . Garrison Access . | . . . Data Cores Recovered . | . . . Used . | . . . Hacking Detections 3 | . 3 . Full Trace Events 2 | . 2 . Feedback Events . | . . . Feedback Blocked . | . . . Robot Schematics Acquired . | . . . Robots Built . | . . . Authchips . | . . . Time . | . . . Total Robot Build Rating . | . . . Part Schematics Acquired . | . . . Parts Built . | . . . Authchips . | . . . Time . | . . . Total Part Build Rating . | . . . Parts Repaired . | . . . Time . | . . . Parts Recycled . | . . . Recycled Matter . | . . . Retrieved Matter . | . . . Retrieved Components . | . . . Parts Scanalyzed . | . . . Part Schematics Acquired . | . . . Parts Damaged . | . . . Bothacking | -11 -10 -10 ------------ Run | Yrd Mat Sub Used RIF Installer . | . . . Robots Hacked . | . . . Non-combat . | . . . Combat . | . . . Robot Hacks Applied . | . . . Relay Couplers Released . | . . . Fabnet Peak Effective % . | . . . Robots Rewired . | . . . Allies Hacked . | . . . Hacks Repelled . | . . . Allies | -11 -10 -10 -------- Run | Yrd Mat Sub Total Allies . | . . . Largest Group . | . . . Highest-Rated Group . | . . . Highest-Rated Ally . | . . . Total Orders . | . . . Ally Attacks . | . . . Total Damage . | . . . Kills . | . . . Allies Corrupted . | . . . Allies Melted . | . . . Intel | -11 -10 -10 ------- Run | Yrd Mat Sub Robot Analysis Total . | . . . Derelict Logs Recovered . | . . . Drone Launches . | . . . Drone Recoveries . | . . . Exploration | -11 -10 -10 ------------- Run | Yrd Mat Sub Turns Passed 3829 | 72 1773 1984 Spaces Moved 1641 | 50 521 1070 Core 87 | 19 . 68 Treads 1554 | 31 521 1002 Legs . | . . . Wheels . | . . . Hover . | . . . Flight . | . . . Fastest Speed 50 | 50 160 100 Average Speed 188 | 118 259 156 Slowest Speed 960 | 160 320 960 Overloaded Moves . | . . . Propulsion Burnouts . | . . . Robots Hopped . | . . . Cave-ins Triggered . | . . . Exploration Rate (%) 46 | 4 81 54 Regions Visited 2 Branch Regions 1 Pre-discovered Areas 1 | . . 1 Known Exits Taken . | . . . Unknown Exits Taken 2 | 1 1 . Scrap Searched 5 | . . 5 Spaces Dug 10 | . . 10 Terrain Destroyed 71 | . 16 55 Melee . | . . . Projectile . | . . . AOE 71 | . 16 55 Terrain Rammed . | . . . Walls Destroyed . | . . . Machines Disabled . | . . . Actions | -11 -10 -10 --------- Run | Yrd Mat Sub Total 2149 | 63 840 1246 Wait 273 | . 221 52 Move 1639 | 49 520 1070 Hop . | . . . Pick Up 30 | 8 16 6 Fast Attach 3 | . 2 1 Attach 15 | 6 3 6 Detach 4 | . 3 1 Swap 18 | . 6 12 Drop 10 | . 3 7 Fire 153 | . 66 87 Melee 4 | . . 4 Ram . | . . . Kick . | . . . Crush . | . . . Escape Stasis . | . . . Rewire . | . . . Trap . | . . . Miscellaneous . | . . . Route ------- -11/Scrapyard -10/Materials (discovered 5 exits: [*Mat x2] / [*Min x2] / *Sub) -10/Subcaves (discovered 2 exits: [*Mat x2]) History --------- Turn | Location | Event 37 | -11/Scrapyard | Discovered new exit (range 16) 73 | -11/Scrapyard | Entered Materials 316 | -10/Materials | Build established: Mutant 572 | -10/Materials | Discovered new exit (range 15) 964 | -10/Materials | Discovered new exit (range 15) 1279 | -10/Materials | Discovered new exit (range 13) 1591 | -10/Materials | Discovered new exit (range 4) 1823 | -10/Materials | Discovered new exit (range 4) 1846 | -10/Materials | Entered Subcaves 2036 | -10/Subcaves | Shifting Twisted Machinery released Sub. Machine Gun 2039 | -10/Subcaves | Shifting Twisted Machinery released Sub. Beam Cannon 2098 | -10/Subcaves | A swath of the cavern ceiling suddenly collapsed 2256 | -10/Subcaves | A Subdweller sparked back to life 2256 | -10/Subcaves | A Subdweller sparked back to life 2263 | -10/Subcaves | Core integrity fell below 50% 2300 | -10/Subcaves | A Subdweller sparked back to life 2742 | -10/Subcaves | Core integrity fell below 20% 2809 | -10/Subcaves | Discovered new exit (range 11) 3066 | -10/Subcaves | A swath of the cavern ceiling suddenly collapsed 3100 | -10/Subcaves | Discovered new exit (range 8) 3113 | -10/Subcaves | Learned location of Zion (-7) 3113 | -10/Subcaves | Met a Zionite searching for "candidates" 3190 | -10/Subcaves | Disturbed a concealed Subdweller 3349 | -10/Subcaves | Visited Clippyterm 3353 | -10/Subcaves | Learned Research security intel 3725 | -10/Subcaves | Ambushed by Subdweller buried in earth 3763 | -10/Subcaves | Shifting Twisted Machinery released Piercing Trap 3767 | -10/Subcaves | Lost 3 parts (1p1n1w) 3830 | -10/Subcaves | Destroyed by 3W-3EY(R) with Subdweller Laser Last Messages --------------- 03732_ The unstable cave ceiling collapses. 03732_ Critical hit (Destroy). 03732_ Lgt. EM Pulse Cannon destroyed. 03733_ The unstable cave ceiling collapses. 03734_ Hvy. Ion Engine destroyed. 03736_ Lgt. Treads destroyed. 03739_ Sub. Optics fried. 03739_ MV-7JF(R) destroyed. 03742_ Integrated Corrupted Sub. Monowheel (+1). 03742_ Corrupted Sub. Monowheel temporarily disabled. 03744_ The unstable cave ceiling collapses. 03744_ Acquired 45 matter. 03760_ Destroyed Flight Unit. 03760_ S-10 Pest destroyed. Piercing Trap falls loose from the Twisted Machinery. 03767_ The unstable cave ceiling collapses. 03769_ Flight Unit fries itself beyond repair. 03773_ The unstable cave ceiling collapses. 03782_ 4/2QQ#DN=/JSYHN